 Dungeon Crawl Stone Soup version 0.19-a0-465-g1d1674b (webtiles) character file.

69 ololoev the Firebug (level 4, 0/36 HPs)
             Began as a Deep Elf Fire Elementalist on June 3, 2016.
             Slain by a scorpion (7 damage)
             ... on level 4 of the Dungeon.
             The game lasted 00:03:05 (441 turns).

ololoev the Firebug (Deep Elf Fire Elementalist)     Turns: 441, Time: 00:03:06

Health: 0/36       AC:  2    Str: 10    XL:     4   Next: 2%
Magic:  8/11       EV: 13    Int: 21    God:
Gold:   45         SH:  0    Dex: 15    Spells: 3 memorised, 3 levels left

rFire  . . .     SeeInvis .     (no weapon)
rCold  . . .     Gourm    .     a - +0 robe
rNeg   . . .     Faith    .     (no shield)
rPois  .         Spirit   .     (no helmet)
rElec  .         Dismiss  .     (no cloak)
rCorr  .         Reflect  .     (no gloves)
SustAt .         Harm     .     (no boots)
MR     +....                    (no amulet)
Stlth  ..........               (no ring)
                                j - ring of protection from magic

@: berserking, lethally poisoned (0 -> -8), very quick, somewhat resistant to
hostile enchantments, extremely unstealthy
A: no striking features
a: no special abilities

Inventory:

Armour
 a - a +0 robe (worn)
Jewellery
 j - a ring of protection from magic (left hand)
Scrolls
 d - a scroll of remove curse {unknown}
 f - 2 scrolls of recharging {unknown}
 k - a scroll of identify {unknown}
Potions
 i - a potion of brilliance {unknown}
Books
 b - a book of Flames

   Spells                             Type                      Level
   a - Flame Tongue                   Conjuration/Fire             1
   b - Throw Flame                    Conjuration/Fire             2
   c - Conjure Flame                  Conjuration/Fire             3
   d - Inner Flame                    Hexes/Fire                   3
   e - Sticky Flame                   Conjuration/Fire             4
   f - Fireball                       Conjuration/Fire             5
Comestibles
 c - a bread ration
 g - 2 meat rations
 h - a beef jerky


   Skills:
 - Level 2.4 Dodging
 - Level 2.4 Stealth
 + Level 3.8 Spellcasting
 * Level 3.2 Conjurations
 + Level 3.8 Fire Magic


You had 3 spell levels left.
You knew the following spells:

 Your Spells              Type           Power        Failure   Level  Hunger
a - Flame Tongue          Conj/Fire      ###..        2%          1    None
b - Conjure Flame         Conj/Fire      ###.....     10%         3    ###....
e - Inner Flame           Hex/Fire       ##......     21%         3    ###....


You were on level 4 of the Dungeon.
You were not hungry.

You visited 1 branch of the dungeon, and saw 5 of its levels.

You collected 45 gold pieces.

....## .....##
############# ......#
#...........### ......#
#..............## ......#
#................
......####................
.......##................)
................s#+#......
....##.......###@'∩+..s..#
#.#####....### ###+#....##
## ##...## #.......#
#..### #........# ##.##
#........## ##.##
#.....#### ####..# #######
#....## ...<.#

Notes
Turn   | Place    | Note
--------------------------------------------------------------
     0 | D:1      | ololoev the Deep Elf Fire Elementalist began the quest for the Orb.
     0 | D:1      | Reached XP level 1. HP: 10/10 MP: 6/6
   121 | D:2      | Reached XP level 2. HP: 15/15 MP: 2/8
   296 | D:4      | Reached XP level 3. HP: 19/19 MP: 5/10
   301 | D:4      | Learned a level 3 spell: Conjure Flame
   305 | D:4      | Learned a level 3 spell: Inner Flame
   330 | D:4      | Found a shimmering altar of Xom.
   352 | D:5      | Entered Level 5 of the Dungeon
   389 | D:4      | Reached XP level 4. HP: 13/24 MP: 2/11
   429 | D:4      | Found Hibb's Weapon Boutique.
   441 | D:4      | Slain by a scorpion

Dungeon Overview and Level Annotations

Branches:
Dungeon (5/15)
 Temple: D:4-7

Altars:
Xom

Shops:
D:4 (


Message History

Aim: a worker ant (almost dead)
You miscast Flame Tongue.
You are very lightly contaminated with residual magic.
Nothing appears to happen.
The worker ant barely misses you.
Casting: Flame Tongue
Confirm with . or Enter, or press ? or * to list all spells.
Aiming: Flame Tongue
Press: ? - help, Shift-Dir - straight line, f/p - worker ant
Aim: a worker ant (almost dead)
You miscast Flame Tongue.
You have a brief vision of globes of primordial fire.
The worker ant bites you.
Casting: Flame Tongue
Confirm with . or Enter, or press ? or * to list all spells.
Aiming: Flame Tongue
Press: ? - help, Shift-Dir - straight line, f/p - worker ant
Aim: a worker ant (almost dead)
The flame tongue hits the worker ant.
You kill the worker ant!
Your Conjurations skill increases to level 3!
A hound skeleton comes into view.
Found an escape hatch in the ceiling.
Casting: Flame Tongue
Confirm with . or Enter, or press ? or * to list all spells.
You can't see any susceptible monsters within range! (Use Z to cast anyway.) Unknown command.
Casting: Flame Tongue
Confirm with . or Enter, or press ? or * to list all spells.
Aiming: Conjure Flame
Press: ? - help, Dir - move target cursor The fire roars!
The hound skeleton is engulfed in roaring flames.
The hound skeleton bites you.
You hit the hound skeleton but do no damage.
The hound skeleton is engulfed in roaring flames.
You destroy the hound skeleton!
You have reached level 4!
You feel clever.
There is an escape hatch in the ceiling here.
You can't memorise that many levels of magic yet!
Found 14 gold pieces.
Found 9 gold pieces.
You now have 36 gold pieces (gained 14).
You now have 45 gold pieces (gained 9).
Your magical contamination has completely faded away.
You open the door.
Found Hibb's Weapon Boutique.
There is an open door here.
There is an entrance to Hibb's Weapon Boutique here.
As you open the door, it creaks loudly!
A scorpion comes into view.
Found a whip.
Which direction?
It's already closed!
Which direction?
You close the door.
You open the door.
There is an open door here.
There is an entrance to Hibb's Weapon Boutique here.
Which direction?
You close the door.
There is an open door here.
The scorpion stings you!
You are lethally poisoned!
The scorpion poisons you!
Unknown command.
Casting: Conjure Flame
Confirm with . or Enter, or press ? or * to list all spells.
You don't know that spell.
Unknown command.
It was a potion of berserk rage.
A red film seems to cover your vision as you go berserk!
You feel yourself moving faster!
You feel mighty!
You feel sick. The scorpion stings you.
You are too berserk!
Unknown command.
You hit the scorpion.
The scorpion is moderately wounded.
You feel sick. The scorpion stings you!
You die...

You could see a scorpion.

Vanquished Creatures
  2 worker ants (D:4)
  A hound skeleton (D:4)
  A giant gecko (D:1)
  2 goblins
  2 hobgoblins
  A kobold (D:1)
  A rat (D:2)
10 creatures vanquished.

Action                   |  1- 3 |  4- 6 || total
-------------------------+-------+-------++-------
Melee: Unarmed           |     1 |     1 ||     2
 Cast: Flame Tongue      |    23 |       ||    23
       Conjure Flame     |     1 |       ||     1
  Use: Potion            |       |     1 ||     1
Dodge: Dodged            |     7 |       ||     7

Vault maps used:
D:1:      evilmike_arrival_plus, grunt_decor_cap, minmay_misc_feat_alley,
          moated_statue
D:2:      lemuel_doored_altar
D:3:      kennysheep_slug_shrine, first_bread, fedhas_altar_2
D:4:      lemuel_round_altar, nicolae_overflow_crystal_walls,
          minmay_temple_entry_junction, serial_shops, nicolae_shop_behind_doors
D:5:      old_standard_altar, kennysheep_mini_moat,
          nicolae_overflow_hidden_temple
